 Dungeon Crawl Stone Soup version 0.17-a0-465-g279efb6 (webtiles) character file.

1644 talyn the Conjurer (level 8, -4/48 HPs)
             Began as a Gargoyle Fire Elementalist on Apr 5, 2015.
             Slain by an orc warrior
             ... wielding a +0 scimitar
              (17 damage)
             ... on level 7 of the Dungeon.
             The game lasted 00:33:13 (7901 turns).

talyn the Conjurer (Gargoyle Fire Elementalist)     Turns: 7901, Time: 00:33:13

Health: -4/48      AC: 15    Str: 11    XL:     8   Next: 99%
Magic:  16/16      EV: 11    Int: 19    God:
Gold:   244        SH:  0    Dex: 10    Spells: 5 memorised, 5 levels left

rFire  . . .     SeeInvis .     z - +0 flail (protect)
rCold  . . .     Clarity  .     i - +1 leather armour
rNeg   + . .     SustAb   .     (no shield)
rPois  ∞         Gourm    .     (no helmet)
rElec  +         Spirit   .     (no cloak)
rCorr  .         Warding  .     (no gloves)
rMut   .         Stasis   .     r - +0 pair of boots
MR     .....                    (no amulet)
Stlth  +.........               (no ring)
                                (no ring)

@: confused, not resistant to hostile enchantments, very unstealthy
A: negative energy resistance 1, electricity resistance, unbreathing,
petrification resistance, rot immunity, AC +5
a: no special abilities


You were on level 7 of the Dungeon.
You were full.

You visited 2 branches of the dungeon, and saw 8 of its levels.

You collected 244 gold pieces.

Inventory:

Hand weapons
 z - a +0 flail of protection (weapon)
Armour
 i - a +1 leather armour (worn)
 r - a +0 pair of boots (worn)
Scrolls
 e - a scroll of recharging
 g - 2 scrolls of blinking
 h - 2 scrolls of remove curse
 y - a scroll of teleportation
Potions
 a - 3 potions of restore abilities
 v - 2 potions of cancellation
 w - 2 potions of brilliance {unknown}
 x - a potion of flight {unknown}
Books
 b - a book of Flames

   Spells                             Type                      Level
   a - Flame Tongue                   Conjuration/Fire             1
   b - Throw Flame                    Conjuration/Fire             2
   c - Conjure Flame                  Conjuration/Fire             3
   d - Inner Flame                    Hexes/Fire                   3
   e - Sticky Flame                   Conjuration/Fire             4
   f - Fireball                       Conjuration/Fire             5
 d - a book of Cantrips

   Spells                             Type                      Level
   a - Corona                         Hexes                        1
   b - Animate Skeleton               Necromancy                   1
   c - Summon Small Mammal            Summoning                    1
   d - Apportation                    Translocation                1
 j - a book of Beasts

   Spells                             Type                      Level
   a - Summon Butterflies             Summoning                    1
   b - Call Canine Familiar           Summoning                    3
   c - Summon Ice Beast               Ice/Summoning                4
   d - Summon Mana Viper              Hexes/Summoning              5
   e - Monstrous Menagerie            Summoning                    6
   f - Summon Hydra                   Summoning                    7
 s - a book of Burglary

   Spells                             Type                      Level
   a - Swiftness                      Charms/Air                   2
   b - Passwall                       Transmutation/Earth          3
   c - Passage of Golubria            Translocation                4
   d - Lee's Rapid Deconstruction     Earth                        5
   e - Invisibility                   Hexes                        6
   f - Darkness                       Hexes                        7
 u - a book of Fire

   Spells                             Type                      Level
   a - Ignite Poison                  Fire/Transmutation           5
   b - Fireball                       Conjuration/Fire             5
   c - Bolt of Fire                   Conjuration/Fire             6
   d - Delayed Fireball               Conjuration/Fire             7
   e - Ring of Flames                 Charms/Fire                  7
Comestibles
 c - 3 bread rations
 m - a meat ration
 n - 3 fruits


   Skills:
 + Level 4.1 Fighting
 + Level 3.5 Maces & Flails
 - Level 1.5 Dodging
 - Level 2.1 Stealth
 - Level 5.4 Spellcasting
 - Level 6.1 Conjurations
 - Level 6.0 Fire Magic


You had 5 spell levels left.
You knew the following spells:

 Your Spells              Type           Power        Failure   Level  Hunger
a - Flame Tongue          Conj/Fire      ####.        1%          1    None
b - Throw Flame           Conj/Fire      ####..       1%          2    None
c - Conjure Flame         Conj/Fire      ####....     4%          3    ##.....
d - Swiftness             Chrm/Air       #.......     28%         2    None
e - Sticky Flame          Conj/Fire      ####....     17%         4    ####...


Dungeon Overview and Level Annotations

Branches:
Dungeon (7/15)             Temple (1/1) D:6

Altars:
Ashenzari
Cheibriados
Dithmenos
Fedhas
Gozag
Kikubaaqudgha
Makhleb
Nemelex Xobeh
Okawaru
Qazlal
Ru
Sif Muna
Trog
Xom
Yredelemnul
Zin
The Shining One

Annotations:
D:6 Blork the orc, Grinder


Innate Abilities, Weirdness & Mutations

You are resistant to torment.
Your stone body is resilient (AC +5).
You are immune to poison.
You resist negative energy.
You are resistant to electric shocks.
You can survive without breathing.
You are immune to petrification.
You are immune to rotting.


Message History

Press: ? - help, Shift-Dir - straight line, f/p - orc warrior
Aim: an orc warrior, wielding a scimitar and wearing a chain mail (moderately wounded)
The puff of flame misses the orc warrior.
The orc warrior hits you with a scimitar!
* * * LOW HITPOINT WARNING * * *
Drink which item? (? for menu, Esc to quit)
You are confused.
You feel invigorated.
The orc warrior hits you but does no damage.
You bump into the rock wall.
The orc warrior hits you with a scimitar!
* * * LOW HITPOINT WARNING * * *
You bump into the rock wall.
You closely miss the orc warrior.
The orc warrior is moderately wounded.
The orc warrior hits you with a scimitar!
* * * LOW HITPOINT WARNING * * *
You bump into the rock wall.
The orc warrior hits you with a scimitar!
You die...

.).............##.# #.##.###.#
...(()...........<####........#
#####.....#######...##.##.#####
#.#)..........#.##.##.#
#####.#(###########.....#.#
..).)..........>..#######.#
####....#########....# #.#
...#.###############.# #.#
...'........)..o@.##.####.#
...#.############.#.......#
...#.# #.######### ...#.# #.#
...#.# #.# ...#.# #.# ...#.#
#.# ...#†# #.# +###'# #.####


You could see an orc warrior.

Vanquished Creatures
  A hungry ghost (D:7)
  A hippogriff (D:7)
  Edmund (D:6)
  A sky beast (D:7)
  2 ogres
  A centaur (D:7)
  The ghost of talyn the Firebug, an average DrFE (D:4)
  A scorpion (D:6)
  2 crimson imps
  3 orc priests
  A centaur zombie (D:7)
  A giant frog skeleton (D:5)
  3 hounds
  3 orc wizards
  Terence (D:3)
  3 worker ants
  A hound skeleton (D:6)
  4 gnolls
  9 adders
  4 worms
  3 giant geckos
  2 oozes
  18 orcs
  10 bats
  A bat skeleton (D:4)
  4 bat zombies (D:6)
  7 giant cockroaches
  11 hobgoblins
  A quokka (D:2)
  A giant cockroach zombie (D:6)
  4 giant newts
  A giant spore (D:7)
  20 goblins
  3 jackals (D:3)
  2 jackal skeletons
  12 kobolds
  20 rats
  3 ballistomycetes (D:7)
167 creatures vanquished.

Notes
Turn   | Place    | Note
--------------------------------------------------------------
     0 | D:1      | talyn, the Gargoyle Fire Elementalist, began the quest for the Orb.
     0 | D:1      | Reached XP level 1. HP: 10/10 MP: 3/3
   253 | D:1      | Reached XP level 2. HP: 13/15 MP: 0/5
   573 | D:1      | Reached XP level 3. HP: 19/19 MP: 3/6
   794 | D:1      | Learned a level 2 spell: Throw Flame
   798 | D:1      | Learned a level 3 spell: Conjure Flame
  1294 | D:2      | Reached XP level 4. HP: 10/24 MP: 0/8
  1576 | D:2      | Learned a level 2 spell: Swiftness
  1924 | D:3      | Noticed a moth of wrath
  1926 | D:3      | Found a bloodstained altar of Trog.
  2184 | D:3      | Noticed Terence
  2193 | D:3      | Killed Terence
  2193 | D:3      | Reached skill level 4 in Fire Magic
  2193 | D:3      | Reached XP level 5. HP: 23/28 MP: 2/9
  2877 | D:3      | Reached XP level 6. HP: 32/32 MP: 4/11
  3063 | D:3      | Learned a level 4 spell: Sticky Flame
  3368 | D:4      | Noticed talyn's ghost (average DrFE)
  3398 | D:4      | Killed talyn's ghost
  3867 | D:4      | Reached XP level 7. HP: 10/36 MP: 7/13
  4659 | D:5      | Entered Level 5 of the Dungeon
  4667 | D:5      | Reached skill level 5 in Fire Magic
  4994 | D:5      | Reached skill level 5 in Conjurations
  5202 | D:5      | Found a glowing silver altar of Zin.
  6094 | D:6      | Found a shadowy altar of Dithmenos.
  6112 | D:6      | Reached skill level 5 in Spellcasting
  6412 | D:6      | Found a staircase to the Ecumenical Temple.
  6418 | Temple   | Entered the Ecumenical Temple
  6513 | D:6      | Noticed Edmund
  6521 | D:6      | Killed Edmund
  6521 | D:6      | Reached XP level 8. HP: 37/41 MP: 0/15
  6867 | D:6      | Noticed Grinder
  6875 | D:6      | Reached skill level 6 in Conjurations
  6891 | D:6      | Noticed Blork the orc
  7219 | D:7      | Reached skill level 1 in Fighting
  7255 | D:7      | Reached skill level 1 in Maces & Flails
  7620 | D:7      | Found an ancient bone altar of Kikubaaqudgha.
  7621 | D:7      | Found a sacrificial altar of Ru.
  7901 | D:7      | Slain by an orc warrior

Action                   |  1- 3 |  4- 6 |  7- 9 || total
-------------------------+-------+-------+-------++-------
Melee: Unarmed           |    14 |       |       ||    14
       Mace              |    18 |       |       ||    18
       Club              |     7 |       |       ||     7
       Flail             |       |    41 |   174 ||   215
 Cast: Flame Tongue      |    56 |   120 |    28 ||   204
       Conjure Flame     |     1 |       |       ||     1
       Throw Flame       |       |     3 |   143 ||   146
  Use: Scroll            |     7 |     4 |     8 ||    19
       Potion            |       |     1 |     2 ||     3
  Eat: Chunk             |     2 |     6 |    11 ||    19
       Beef jerky        |       |     1 |     2 ||     3
       Pizza             |       |       |     1 ||     1
       Meat ration       |       |       |     1 ||     1
